 Dungeon Crawl Stone Soup version 0.30.1-11-g7821555f0a (webtiles) character file.

Game seed: 3939191344275892880

706 jagang the Trooper (level 7, 0/60 HPs)
             Began as a Barachi Monk on Nov 10, 2023.
             Was a Priest of Okawaru.
             Slain by a killer bee (3 damage)
             ... on level 5 of the Dungeon.
             The game lasted 00:08:43 (3808 turns).

jagang the Trooper (Barachi Monk)                   Turns: 3808, Time: 00:08:44

Health: 0/60       AC: 11    Str: 13    XL:     7   Next: 67%
Magic:  7/7        EV:  8    Int: 10    God:    Okawaru [***...]
Gold:   138        SH:  5    Dex: 16    Spells: 6/6 levels left

rFire   . . .        a - +0 falchion
rCold   . . .        d - orb {light}
rNeg    . . .        l - +0 chain mail
rPois   .            i - +0 helmet
rElec   .            (no cloak)
rCorr   .            m - +0 pair of gloves
SInv    .            (no boots)
Will    .....        j - amulet of reflection Stlth
                     (no ring)
HPRegen 0.30/turn    (no ring)
MPRegen 0.10/turn

%: reflection
@: unable to hop, glowing, slow
A: amphibious, slowness 1, strong legs 1, +LOS
a: Hop, Renounce Religion, Heroism


You were on level 5 of the Dungeon.
You worshipped Okawaru.
Okawaru was most pleased with you.
You visited 2 branches of the dungeon, and saw 6 of its levels.

You collected 138 gold pieces.

Inventory:

Hand Weapons
 a - a +0 falchion (weapon)
Missiles
 o - 26 poisoned darts (quivered)
Armour
 b - a +0 scale mail
 d - an orb of light (worn)
 g - a +2 hat
 i - a +0 helmet (worn)
 l - a +0 chain mail (worn)
 m - a +0 pair of gloves (worn)
 y - a +0 plate armour
Jewellery
 j - an amulet of reflection (around neck)
 x - the amulet of Vomiys {Spirit Str+2}
   (You found it on level 4 of the Dungeon)

   [amulet of guardian spirit]

   It causes incoming damage to be divided between your reserves of health and
   magic.
   Str:       It affects your strength (+2).
Wands
 v - a wand of quicksilver (7)
Scrolls
 e - 3 scrolls of identify {unknown}
 p - 2 scrolls of teleportation {unknown}
 q - a scroll of fear {unknown}
 r - a scroll of fog {unknown}
 s - 2 scrolls of immolation {unknown}
 t - a scroll of enchant weapon {unknown}
 u - a scroll of noise {unknown}
Potions
 f - 2 potions of lignification {unknown}
 h - 4 potions of brilliance {unknown}
 k - a potion of heal wounds {unknown}
 n - 3 potions of attraction {unknown}
 w - a potion of flight {unknown}
 z - a potion of mutation {unknown}
 A - 2 potions of magic {unknown}


   Skills:
 * Level 7.2 Fighting
 + Level 5.7 Long Blades
 + Level 2.7 Throwing
 + Level 3.8 Armour
 - Level 4.0 Dodging


You had 6 spell levels left.
You didn't know any spells.
Your spell library contained the following spells:

 Spells                   Type           Power      Damage    Failure   Level
 Apportation              Tloc           0%         N/A       100%        1
 Alistair's Intoxication  Tmut/Pois      0%         N/A       100%        5


Dungeon Overview and Level Annotations

Branches:
Dungeon (5/15)             Temple (1/1) D:4

Altars:
Ashenzari
Cheibriados
Dithmenos
Gozag
Hepliaklqana
Kikubaaqudgha
Makhleb
Nemelex Xobeh
Okawaru
Qazlal
Sif Muna
Trog
Uskayaw
Vehumet
Wu Jian
Xom
Yredelemnul
The Shining One


Innate Abilities, Weirdness & Mutations

You are amphibious.
You cover ground slowly.
You can hop short distances.
You have an extended range of vision and can be seen from far away.


Message History

* * * LOW HITPOINT WARNING * * *
You are confused.
You feel invigorated.
You feel sick.
The killer bee stings you but does no damage.
The killer bee stings you.
* * * LOW HITPOINT WARNING * * *
You closely miss the killer bee.
The killer bee is heavily wounded.
You feel sick.
The killer bee stings you but does no damage. x2
You miss the killer bee.
The killer bee is heavily wounded.
You feel sick. The killer bee stings you.
* * * LOW HITPOINT WARNING * * *
The killer bee barely misses you.
You feel sick.
The killer bee stings you but does no damage.
You closely miss the killer bee.
The killer bee is heavily wounded.
You feel less invigorated.
You feel less confused.
You feel sick.
The killer bee stings you but does no damage. x2
You block the killer bee's attack.
The killer bee stings you but does no damage.
You hit the killer bee.
The killer bee is severely wounded.
You feel sick.
You are no longer poisoned.
The killer bee stings you but does no damage. x2
The killer bee stings you.
* * * LOW HITPOINT WARNING * * *
The killer bee stings you.
* * * LOW HITPOINT WARNING * * *
You barely miss the killer bee.
The killer bee is severely wounded.
The killer bee stings you.
* * * LOW HITPOINT WARNING * * *
The killer bee stings you.
You die...

#.##.# # #.##.########.#. #
#.##.#.........
#.#....#.....#
#.#..........# #.#
#............# #.####+##
###y########.#
#.......######y# ..#
#>...#.......@y# #y.#
#.##.#.........# #...
#..#.#.......)(#####.#.##
#..#.#..######.#...#.#.
####..#....######.#.....#.##
...................(........
.....###...######.........#.
.....#
#...########.#######.###+#
####.# #..........#.#
<#......


You could see 3 killer bees.

Vanquished Creatures
  Sigmund (D:4)
  A water moccasin (D:5)
  A phantom (D:4)
  A scorpion (D:5)
  2 hounds (D:5)
  An orc priest (D:3)
  2 iguanas (D:4)
  An orc wizard (D:4)
  5 adders
  2 worms (D:2)
  4 dart slugs
  6 orcs
  5 ball pythons
  4 bats (D:1)
  11 endoplasms
  2 giant cockroaches (D:1)
  8 goblins
  6 hobgoblins
  2 jackals (D:5)
  3 quokkas
  3 frilled lizards
  6 kobolds
  5 rats
82 creatures vanquished.

Vanquished Creatures (others)
  A kobold (D:4)
1 creature vanquished.

Grand Total: 83 creatures vanquished

Notes
Turn   | Place    | Note
-------+----------+-------------------------------------------
     0 | D:1      | jagang the Barachi Monk began the quest for the Orb.
     0 | D:1      | Reached XP level 1. HP: 18/18 MP: 1/1
    84 | D:1      | Reached skill level 4 in Fighting
    84 | D:1      | Reached XP level 2. HP: 19/25 MP: 2/2
   604 | D:1      | You fall into a shaft and drop 1 floor!
   649 | D:2      | Reached XP level 3. HP: 28/30 MP: 3/3
   780 | D:2      | Reached skill level 1 in Armour
  1059 | D:2      | Found a hazy altar of Hepliaklqana.
  1662 | D:3      | Reached XP level 4. HP: 38/38 MP: 4/4
  1966 | D:3      | Reached skill level 5 in Fighting
  2416 | D:4      | Reached XP level 5. HP: 29/44 MP: 5/5
  2491 | D:4      | Found a staircase to the Ecumenical Temple.
  2532 | Temple   | Entered the Ecumenical Temple
  2551 | Temple   | Became a worshipper of Warmaster Okawaru
  2551 | Temple   | Reached * piety under Okawaru
  2551 | Temple   | Reached ** piety under Okawaru
  2777 | D:4      | Reached skill level 1 in Throwing
  2807 | D:4      | Identified the amulet of Vomiys {Spirit Str+2}
  2829 | D:4      | Found a sparkling altar of Nemelex Xobeh.
  2915 | D:4      | Noticed a phantom
  2934 | D:4      | Killed a phantom
  2935 | D:4      | Reached skill level 6 in Fighting
  2935 | D:4      | Reached XP level 6. HP: 34/52 MP: 6/6
  3075 | D:4      | Found a stormy altar of Qazlal.
  3091 | D:4      | Noticed Sigmund
  3105 | D:4      | Killed Sigmund
  3106 | D:4      | Reached skill level 5 in Long Blades
  3106 | D:4      | Reached XP level 7. HP: 41/59 MP: 7/7
  3308 | D:5      | Entered Level 5 of the Dungeon
  3522 | D:5      | Reached skill level 7 in Fighting
  3544 | D:5      | Found a shimmering blue altar of Sif Muna.
  3544 | D:5      | Found a burning altar of Makhleb.
  3560 | D:5      | Reached *** piety under Okawaru
  3808 | D:5      | HP: 3/60 [killer bee (5)]
  3808 | D:5      | Slain by a killer bee

Illustrated notes

Levels and vault maps discovered:
D:1:      minmay_arrival_nine_rooms, layout_basic, nrook_loot_triangle
D:2:      layout_rooms, basic_altar, minmay_misc_feat_four_crosses,
          minmay_close_crescents
D:3:      layout_basic, glass_columns_c, nicolae_figureground_pulse
D:4:      layout_loops_ring, grunt_qazlal_sundering, kennysheep_little_box,
          minmay_temple_entry_grid, serial_bayou_pond_e, uniq_sigmund
D:5:      layout_basic, amcnicky_altar_gilded,
          gammafunk_temple_overflow_elements
Temple:   compressed_dpeg_circular_temple

Skill      XL: |  1  2  3  4  5  6  7 |
---------------+----------------------+-----
Fighting       | 4 5 6 7 |  7.2
Long Blades    | 4 5 |  5.7
Armour         | 1 2 3 |  3.8
Dodging        | 4 |  4.0
Throwing       | 1 2 |  2.7

Action                     |  1- 3 |  4- 6 |  7- 9 || total
---------------------------+-------+-------+-------++-------
  Melee: Falchion          |   100 |   144 |    73 ||   317
  Throw: Dart              |       |     1 |       ||     1
Ability: Hop               |       |       |     1 ||     1
    Use: Potion            |       |       |     1 ||     1
 Armour: Robe              |     7 |       |       ||     7
         Scale mail        |    15 |    39 |     7 ||    61
         Chain mail        |       |       |    32 ||    32
  Dodge: Dodged            |    65 |    56 |    35 ||   156
  Block: Orb               |     8 |    25 |    22 ||    55
         Reflection        |     2 |     2 |     1 ||     5
